 Dungeon Crawl Stone Soup version 0.17.1-3-g152610e (webtiles) character file.

158 moxian the Charmwright (level 5, 0/35 HPs)
             Began as a High Elf Skald on Apr 17, 2016.
             Slain by Purgy (1 damage)
             ... on level 3 of the Dungeon.
             The game lasted 00:10:12 (2497 turns).

moxian the Charmwright (High Elf Skald)             Turns: 2497, Time: 00:10:13

Health: 0/35       AC:  5    Str: 14    XL:     5   Next: 16%
Magic:  10/10      EV: 12    Int: 16    God:
Gold:   141        SH:  0    Dex: 14    Spells: 2 memorised, 6 levels left

rFire  + . .     SeeInvis .     o - +0 blowgun
rCold  . . .     Clarity  .     s - +1 leather armour {rF+}
rNeg   . . .     SustAt   .     (no shield)
rPois  .         Gourm    .     k - +0 helmet
rElec  .         Spirit   .     (no cloak)
rCorr  .         Warding  .     (no gloves)
rMut   .         Stasis   .     (no boots)
MR     .....                    (no amulet)
Stlth  +.........               (no ring)
                                h - +2 ring of strength

@: not resistant to hostile enchantments, very unstealthy
A: no striking features
a: no special abilities


You were on level 3 of the Dungeon.
You were not hungry.

You visited 1 branch of the dungeon, and saw 3 of its levels.

You collected 141 gold pieces.

Inventory:

Hand Weapons
 a - a +0 short sword
 o - a +0 blowgun (weapon)
 q - a +0 dagger of draining
Missiles
 f - 2 poisoned needles (quivered)
 j - 32 stones
 n - 25 bolts
Armour
 k - a +0 helmet (worn)
 s - a +1 leather armour of fire resistance (worn)
Jewellery
 h - a +2 ring of strength (left hand)
 u - a cursed -2 ring of strength
Scrolls
 b - a scroll of recharging {unknown}
 e - a scroll of fog {unknown}
 i - a scroll of identify
 m - a scroll of amnesia {unknown}
 r - a scroll of teleportation {unknown}
 t - a scroll of fear {unknown}
 x - a scroll of magic mapping {unknown}
Potions
 l - a potion of might
 p - a potion of haste
 v - a potion of poison {unknown}
Books
 c - a book of Battle

   Spells                             Type                      Level
   a - Infusion                       Charms                       1
   b - Shroud of Golubria             Charms/Translocation         2
   c - Song of Slaying                Charms                       2
   d - Spectral Weapon                Hexes/Charms                 3
   e - Regeneration                   Charms/Necromancy            3
Comestibles
 d - a bread ration
 g - a beef jerky


   Skills:
 + Level 2.4 Fighting
 * Level 3.8 Short Blades
 + Level 1.2 Armour
 + Level 2.7 Dodging
 + Level 0.5 Stealth
 + Level 2.9 Spellcasting
 + Level 4.2 Charms
 * Level 1.4 Translocations


You had 6 spell levels left.
You knew the following spells:

 Your Spells              Type           Power        Failure   Level  Hunger
a - Infusion              Chrm           ###...       4%          1    #......
b - Shroud of Golubria    Chrm/Tloc      ##........   12%         2    ##.....


Dungeon Overview and Level Annotations

Branches:
Dungeon (3/15)

Altars:

Annotations:
D:3 Purgy


Message History

You shoot a poisoned needle.
The poisoned needle barely misses Purgy.
Purgy bites you.
* * * LOW HITPOINT WARNING * * *
Purgy misses you. Purgy barely misses you. Purgy misses you. Purgy claws you.
* * * LOW HITPOINT WARNING * * *
Purgy barely misses you.
Purgy snarls, "Go!
Away!"
Purgy bites you but does no damage. Purgy claws you but does no damage.
Purgy claws you.
* * * LOW HITPOINT WARNING * * *
There is an open door here.
Purgy looks around nervously.
Purgy bites you.
* * * LOW HITPOINT WARNING * * *
Purgy claws you.
* * * LOW HITPOINT WARNING * * *
Purgy claws you.
You die...

###....#..#..........#
##<........#..........#
##.....................#
##.........##..#+##.#####
#..........##..#.##.#####
##.........##..#.##.....#
#.........##..#.######.#
#.......<.....#.# #.#
#........@###.#.######.###
#.........T.....##.......#
##........###..###.###.#.#
########## ##.###.#...#..
#.>##.#.###..
##.##.#......
##.##.#####.. #.....# #..
#..#########.


You could see Purgy.

Vanquished Creatures
  Natasha (twice) (D:3)
  A worker ant (D:3)
  5 adders
  2 worms (D:2)
  2 giant geckos
  10 bats
  7 hobgoblins
  2 kobolds
  A quokka (D:2)
  3 giant cockroaches
  4 giant newts (D:2)
  3 goblins
  5 jackals
  5 rats
52 creatures vanquished.

Notes
Turn   | Place    | Note
--------------------------------------------------------------
     0 | D:1      | moxian the High Elf Skald began the quest for the Orb.
     0 | D:1      | Reached XP level 1. HP: 14/14 MP: 4/4
   230 | D:1      | Reached skill level 1 in Armour
   308 | D:1      | Reached skill level 4 in Charms
   308 | D:1      | Reached XP level 2. HP: 10/19 MP: 6/6
   312 | D:1      | Learned a level 2 spell: Shroud of Golubria
   685 | D:2      | Reached XP level 3. HP: 11/24 MP: 3/7
  1425 | D:2      | Reached XP level 4. HP: 20/30 MP: 1/9
  1841 | D:3      | Reached skill level 1 in Translocations
  2064 | D:3      | Noticed Natasha
  2209 | D:3      | Killed Natasha
  2209 | D:3      | Reached XP level 5. HP: 35/35 MP: 4/10
  2218 | D:3      | Noticed Natasha
  2227 | D:3      | Killed Natasha
  2440 | D:3      | Noticed Purgy
  2497 | D:3      | HP: 1/35 [Purgy (2)]
  2497 | D:3      | Slain by Purgy

Action                   |  1- 3 |  4- 6 || total
-------------------------+-------+-------++-------
Melee: Short sword       |   147 |   113 ||   260
 Fire: Blowgun           |       |    11 ||    11
Throw: Stone             |    16 |     5 ||    21
 Cast: Shroud of Golubri |     9 |     6 ||    15
       Infusion          |     3 |     4 ||     7
  Use: Scroll            |       |     2 ||     2
 Stab: Sleeping          |     1 |       ||     1
  Eat: Chunk             |     2 |     4 ||     6
